 Dungeon Crawl Stone Soup version 0.31-a0-190-g4feb4907b2 (webtiles) character file.

Game seed: 10514520125166469777

24 qw the Shooter (level 2, -1/16 HPs)
             Began as a Deep Elf Hunter on June 23, 2023.
             Slain by a hobgoblin (3 damage)
             ... on level 1 of the Dungeon.
             The game lasted 00:00:14 (403 turns).

qw the Shooter (Deep Elf Hunter)                     Turns: 403, Time: 00:00:15

Health: -1/16      AC:  3    Str:  8    XL:     2   Next: 79%
Magic:  4/4        EV: 12    Int: 13    God:
Gold:   22         SH:  0    Dex: 18    Spells: 1/1 levels left

rFire   . . .        a - +0 shortbow
rCold   . . .        (shield currently unavailable)
rNeg    . . .        c - +0 leather armour
rPois   .            (no helmet)
rElec   .            (no cloak)
rCorr   .            (no gloves)
SInv    .            (no boots)
Will    .....        (no amulet)
Stlth   ++           (no ring)
HPRegen 0.22/turn    (no ring)
MPRegen 0.09/turn

%: no passive effects
@: no status effects
A: no striking features
a: no special abilities


You were on level 1 of the Dungeon.
You visited 1 branch of the dungeon, and saw 1 of its levels.

You collected 22 gold pieces.


   Skills:
 - Level 1.5 Fighting
 + Level 6.5 Ranged Weapons
 - Level 2.4 Dodging
 - Level 1.2 Stealth


You had one spell level left.
You didn't know any spells.
Your spell library was empty.

Inventory:

Hand Weapons
 a - a +0 shortbow (weapon)
Armour
 c - a +0 leather armour (worn)
 f - a +0 pair of gloves
Scrolls
 b - a scroll of butterflies
 e - a scroll of teleportation {unknown}
 g - a scroll of enchant weapon {unknown}
 h - a scroll of identify {unknown}
Potions
 d - a potion of magic {unknown}

Dungeon Overview and Level Annotations

Branches:
Dungeon (1/15)

Altars:


Message History

The ball python barely misses you. The jackal bites you.
You shoot an arrow. The arrow hits the jackal!
You kill the jackal!
The ball python misses you. The ball python barely misses you.
You shoot an arrow. The arrow hits the jackal.
The jackal is heavily wounded.
The jackal bites you but does no damage.
The ball python misses you. The ball python grabs you.
The ball python constricts you.
The jackal bites you but does no damage.
The ball python barely misses you. The ball python constricts you.
You shoot an arrow. The arrow hits the ball python.
The ball python is severely wounded.
The jackal closely misses you. The ball python closely misses you.
The ball python constricts you. The goblin hits you but does no damage.
You shoot an arrow. The arrow hits the ball python!
You kill the ball python!
The jackal bites you.
The jackal bites you but does no damage.
The goblin hits you but does no damage.
You shoot an arrow. The arrow closely misses the jackal.
The jackal closely misses you. The goblin hits you but does no damage.
The hobgoblin barely misses you. The jackal barely misses you.
You shoot an arrow. The arrow hits the jackal.
The jackal is severely wounded.
The jackal bites you. The hobgoblin closely misses you.
The goblin hits you but does no damage.
You shoot an arrow. The arrow hits the jackal.
The jackal is almost dead.
The jackal bites you. The goblin hits you with a +0 dagger.
The hobgoblin hits you. The jackal bites you.
You shoot an arrow. The arrow misses the jackal.
The jackal bites you. The goblin hits you but does no damage.
The hobgoblin barely misses you.
The jackal bites you but does no damage.
The goblin hits you but does no damage. The hobgoblin hits you.
You shoot an arrow. The arrow hits the jackal.
You kill the jackal!
The hobgoblin hits you.
You die...

.######.##....#.#######
#.#####...# #.# #####
#.# # #.# # #.####.# #
#..#.>...####### #
......gg..(....# #
......%@.#####.# ##
..#.####.# #.########.
# #.# #.##.....%. #.#
#.##.#####. #.# #.##.#
## #.# #.##.# # #.#
#.##.# # #.# #.##.# #
#.# #.##.## #


You could see a hobgoblin and a goblin.

Vanquished Creatures
  A dart slug (D:1)
  3 endoplasms (D:1)
  2 giant cockroaches (D:1)
  A goblin (D:1)
  4 jackals (D:1)
  A quokka (D:1)
  2 ball pythons (D:1)
  A bat (D:1)
  2 frilled lizards (D:1)
  3 kobolds (D:1)
  2 rats (D:1)
22 creatures vanquished.

Notes
Turn   | Place    | Note
-------+----------+-------------------------------------------
     0 | D:1      | qw the Deep Elf Hunter began the quest for the Orb.
     0 | D:1      | Reached XP level 1. HP: 12/12 MP: 3/3
     0 | D:1      | 0 ||| qw: Version: 0.3-a-9-g12657ce
     0 | D:1      | 0 ||| qw: Game counter: 4511
     0 | D:1      | 0 ||| qw: Always use a shield: true
     0 | D:1      | 0 ||| qw: God list: Okawaru
     0 | D:1      | 0 ||| qw: Allow faded altars: false
     0 | D:1      | 0 ||| qw: Do Orc after D:15 true
     0 | D:1      | 0 ||| qw: Do second Lair branch before Depths: true
     0 | D:1      | 0 ||| qw: Lair rune preference: random
     0 | D:1      | 0 ||| qw: Plans: Normal
     0 | D:1      | 0 ||| PLANNING D:1-11
   254 | D:1      | Reached XP level 2. HP: 16/16 MP: 4/4
   283 | D:1      | Reached skill level 6 in Ranged Weapons
   288 | D:1      | 288 ||| FLEEEEING.
   289 | D:1      | 289 ||| FLEEEEING.
   290 | D:1      | 290 ||| FLEEEEING.
   291 | D:1      | 291 ||| FLEEEEING.
   401 | D:1      | HP: 3/16 [jackal (3)]
   403 | D:1      | Slain by a hobgoblin

Levels and vault maps discovered:
D:1:      dpeg_arrival_rooms_with_view, layout_loops_ring,
          hellmonk_ecumenical_altar_lost_god, bh_walls_and_bars

Skill      XL: |  1  2 |
---------------+-------+-----
Ranged Weapons | 6 |  6.5
Fighting       | |  1.5
Dodging        | |  2.4
Stealth        | |  1.2

Action                     || total
---------------------------++-------
   Fire: Shortbow          ||    65
 Armour: Leather armour    ||    18
  Dodge: Dodged            ||    22

Table legend:
 A = Non-vault XP
 B = Vault XP
 C = Vault XP percentage of total XP
 D = Non-vault monster count
 E = Vault monster count
 F = Vault count percentage of total count
                 A         B        C        D         E       F
            +---------+---------+-------+---------+---------+-------
      Total |      35 |       2 |   5.4 |      21 |       1 |   4.5
            +---------+---------+-------+---------+---------+-------
        D:1 |      35 |       2 |   5.4 |      21 |       1 |   4.5
            +---------+---------+-------+---------+---------+-------
